 Dungeon Crawl Stone Soup version 0.16.1 (webtiles) character file.

71061 Woebin the Severer (level 14, -2/130 HPs)
             Began as a Minotaur Fighter on Mar 23, 2015.
             Was the Champion of Okawaru.
             Killed from afar by a thorn hunter (24 damage)
             ... with a volley of thorns
             ... on level 4 of the Swamp.
             The game lasted 01:59:59 (20205 turns).

Woebin the Severer (Minotaur Fighter)              Turns: 20205, Time: 01:59:59

Health: -2/130     AC: 12    Str: 32    XL:     14   Next: 96%
Magic:  19/20      EV: 17    Int:  8    God:    Okawaru [******]
Gold:   2153       SH: 18    Dex: 21    Spells: 1 memorised, 20 levels left

rFire  x . .     SeeInvis +     a - +11 broad axe "Freq" {elec, MR+ MP-9 Int+3 Dex+7 Stlth-}
rCold  . . .     Clarity  .     h - -11 plate armour of the Thirteen Ships {rElec rN+ MP+9 Str+5 Dex-2}
rNeg   + + .     SustAb   .     t - +3 shield {AC+3}
rPois  +         Gourm    .     g - +1 hat of Ticseelig {rElec rPois rF-}
rElec  +         Spirit   .     e - +0 cloak
rCorr  .         Warding  .     c - +2 pair of gloves of the Harvest {rElec rN+ Str+2 SInv}
rMut   .         Stasis   .     (no boots)
MR     +++..                    m - amulet of regeneration
Stlth  ..........               y - +5 ring of dexterity
                                p - ring of protection from magic

@: lethally poisoned (-2 -> -45), very slightly contaminated, non-regenerating,
rotting, diseased, slowed, very slow, extremely resistant to hostile
enchantments, extremely unstealthy
A: retaliatory headbutt, horns 2
a: Heroism, Finesse, Renounce Religion


You were on level 4 of the Swamp.
You worshipped Okawaru.
Okawaru was exalted by your worship.
You were not hungry.

You visited 5 branches of the dungeon, and saw 25 of its levels.

You collected 2213 gold pieces.
You spent 60 gold pieces at shops.

Inventory:

Hand weapons
 a - the +11 broad axe "Freq" (weapon) {elec, MR+ MP-9 Int+3 Dex+7 Stlth-}
   (Okawaru gifted it to you on level 2 of the Lair of Beasts)

   Occasionally, upon striking a foe, it will discharge some electrical energy
   and cause terrible harm.
   It affects your intelligence (+3).
   It affects your dexterity (+7).
   It affects your resistance to hostile enchantments.
   It affects your magic capacity (-9).
   It makes you less stealthy.
Missiles
 b - 2 silver tomahawks
 d - 6 steel tomahawks
 B - 33 tomahawks (quivered)
Armour
 c - the +2 pair of gloves of the Harvest (worn) {rElec rN+ Str+2 SInv}
   (You acquired it on level 5 of the Lair of Beasts)

   It affects your strength (+2).
   It insulates you from electricity.
   It protects you from negative energy.
   It enhances your eyesight.
 e - a +0 cloak (worn)
 g - the +1 hat of Ticseelig (worn) {rElec rPois rF-}
   (Okawaru gifted it to you on level 4 of the Lair of Beasts)

   It makes you vulnerable to fire.
   It insulates you from electricity.
   It protects you from poison.
 h - the -11 plate armour of the Thirteen Ships (worn) {rElec rN+ MP+9 Str+5 Dex-2}
   (Okawaru gifted it to you on level 2 of the Swamp)

   It affects your strength (+5).
   It affects your dexterity (-2).
   It insulates you from electricity.
   It protects you from negative energy.
   It affects your magic capacity (+9).
 t - a +3 shield of protection (worn)
Jewellery
 k - an uncursed amulet of resist mutation {unknown}
 m - an amulet of regeneration (around neck)
 p - a ring of protection from magic (left hand)
 s - a +4 ring of protection
 y - a +5 ring of dexterity (right hand)
 D - an uncursed ring of flight
 M - an uncursed ring of protection from cold
Magical devices
 q - a wand of digging (11)
 z - a wand of hasting (4)
 I - a wand of confusion (24)
 J - a wand of disintegration (10)
 K - a wand of polymorph (14)
 N - a wand of paralysis (6)
 O - a wand of lightning (6)
 T - a wand of slowing (23)
 X - a wand of cold (9)
Scrolls
 f - 16 scrolls of teleportation
 n - a scroll of fear
 r - 9 scrolls of remove curse
 v - 4 scrolls of blinking
 w - a scroll of fog
 x - 2 scrolls of recharging
 P - 2 scrolls of enchant weapon
Potions
 j - a potion of agility
 l - a potion of lignification
 o - 6 potions of curing
 E - 4 potions of restore abilities
 G - 3 potions of resistance
 L - a potion of degeneration {unknown}
 Q - a potion of heal wounds
 V - 3 potions of ambrosia
 Y - a potion of mutation {unknown}
 Z - a potion of invisibility
Books
 R - a book of Necromancy

   Spells                             Type                      Level
   a - Pain                           Necromancy                   1
   b - Animate Skeleton               Necromancy                   1
   c - Vampiric Draining              Necromancy                   3
   d - Regeneration                   Charms/Necromancy            3
   e - Animate Dead                   Necromancy                   4
   f - Control Undead                 Necromancy                   4
Miscellaneous
 i - an ornate deck of wonders
Comestibles
 u - a bread ration
 A - a chunk of flesh
 C - 7 meat rations
 S - 2 royal jellies
 U - 2 beef jerkies
 W - 3 fruits


   Skills:
 + Level 13.7 Fighting
 + Level 16.0 Axes
 + Level 3.9 Throwing
 + Level 10.9 Armour
 + Level 11.7 Dodging
 - Level 1.1 Stealth
 + Level 13.4 Shields
 + Level 4.3 Spellcasting
 + Level 4.0 Necromancy
 + Level 1.0 Invocations


You had 20 spell levels left.
You knew the following spells:

 Your Spells              Type           Power        Failure   Level  Hunger
a - Animate Skeleton      Necr           N/A          41%         1    #......


Dungeon Overview and Level Annotations

Branches:
Dungeon (12/15)            Temple (1/1) D:6            Lair (5/8) D:8
  Swamp (4/5) Lair:5        Snake (0/5) Lair:4          Orc (3/4) D:10
    Elf (0/3) Orc:3

Altars:
Ashenzari
Cheibriados
Dithmenos
Elyvilon
Fedhas
Gozag
Kikubaaqudgha
Makhleb
Nemelex Xobeh
Okawaru
Qazlal
Ru
Sif Muna
Trog
Vehumet
Xom
Yredelemnul
Zin
The Shining One
Beogh
Lugonu

Shops:
D:10 [([

Portals:
Trove: D:12 (give +5 demon trident)

Annotations:
Swamp:2 exclusion: Roxanne, Roxanne
Orc:3 Sonja


Innate Abilities, Weirdness & Mutations

You reflexively headbutt those who attack you in melee.
You have a pair of horns on your head.


Message History

You are engulfed in dark miasma.
You are more poisoned.
You feel your flesh start to rot away!
You feel ill.
You feel as though you will be slow longer.
You feel very sick.
The bog body gestures at you while chanting.
The bolt of cold hits the briar patch.
The briar patch is destroyed!
The bolt of cold hits you!
You feel very sick.
The briar patch crumbles away. x2
You block the bog body's attack.
The bog body touches you but does no damage.
You block the thorn hunter's attack. The thorn hunter hits you.
The bog body hits you!!
* * * LOW HITPOINT WARNING * * *
The bog body barely misses you.
The thorn hunter fires a volley of thorns at you.
The volley of thorns hits you!
You die...

♣.≈.≈≈.≈≈...♣♣..
≈.>.....♣♣..≈♣ .
.≈≈≈..≈..≈≈≈!.♣♣
≈≈.≈≈≈≈≈≈≈.≈.♣♣
≈.≈≈≈≈...♣♣≈§♣♣♣♣♣♣♣♣♣♣
.≈≈≈≈.≈≈..≈≈≈P.........
≈≈≈≈≈≈≈§†.≈≈PP.≈♣♣♣♣♣♣
♣≈≈≈≈≈.≈.Zf.§♣≈..♣
.≈≈≈≈≈≈♣♣♣n@WP≈.[♣
..≈≈.≈ ♣♣.§.≈≈≈♣ ....
♣PPP.≈≈≈♣ ≈.[ ♣P≈≈..≈.♣
≈ ≈§PPP≈≈.♣♣♣♣
...P≈≈.♣♣ ..≈.≈.≈♣
♣♣♣≈♣♣♣ ♣♣


You could see a thorn hunter, a bog body, a phantom and a friendly swamp dragon
skeleton.

Vanquished Creatures
  An orc warlord (Orc:2)
  Snorg (Swamp:2)
  Josephine (D:11)
  Harold (Lair:5)
  8 hydras
  A ghost crab (Swamp:2)
  6 alligators
  Erica (Lair:4)
  Nergalle (D:11)
  A spriggan druid (Swamp:3)
  A spectral hydra (Swamp:2)
  2 shambling mangroves
  A hill giant (D:9)
  2 swamp dragons
  2 hornets
  A necromancer (D:11)
  3 ugly things
  A mana viper (Lair:5)
  A cyclops (D:10)
  7 elephants
  8 black mambas
  A manticore (D:8)
  The ghost of Tolias the Conjurer, an experienced HaVM (D:5)
  Maurice (D:10)
  Joseph (D:8)
  15 spiny frogs
  2 komodo dragons
  A fire drake (Lair:5)
  The ghost of SKei0 the Basher, an experienced GrFi (D:7)
  A spectral merfolk (Swamp:2)
  A trapdoor spider zombie (D:11)
  A troll (D:12)
  5 giant leeches
  2 two-headed ogres
  6 ravens
  4 boulder beetles (Lair:5)
  2 bog bodies
  7 slime creatures (D:12)
  10 blink frogs
  A wyvern (D:12)
  6 baby alligators
  2 flying skulls (D:11)
  24 yaks
  2 basilisks
  4 spriggans
  Eustachio (D:8)
  2 black mamba skeletons (Lair:5)
  5 hippogriffs
  A wraith (D:10)
  Grum (D:8)
  2 hungry ghosts
  8 vampire mosquitoes
  4 shadows
  A steam dragon (D:11)
  18 wolves
  A soldier ant (D:12)
  13 water moccasins
  Edmund (D:4)
  4 nagas (Lair:4)
  An insubstantial wisp (Swamp:4)
  A warg (Orc:3)
  A spectral spiny frog (Swamp:2)
  2 sky beasts
  A swamp drake (Swamp:2)
  17 swamp worms
  2 ice beasts
  7 porcupines
  4 black bears
  3 eyes of draining (D:6)
  3 necrophages (D:11)
  4 centaurs
  2 phantoms
  3 wasps
  14 ogres
  11 crocodiles
  18 orc warriors
  Duvessa (D:8)
  An elephant skeleton (Lair:5)
  14 giant frogs
  A gnoll sergeant (D:10)
  Blork the orc (D:6)
  3 scorpions
  7 wights
  A wyvern skeleton (D:11)
  The ghost of valak23 the Shield-Bearer, a weakling DrFi (D:3)
  An electric eel (D:6)
  5 killer bees (D:8)
  12 crimson imps
  2 centaur zombies
  8 giant frog zombies
  Dowan (D:8)
  4 goliath beetles
  A quasit (D:5)
  6 centaur skeletons
  A wasp zombie (D:11)
  9 hounds
  4 iguanas
  5 jellies
  7 giant frog skeletons
  An iron imp (D:8)
  15 orc priests
  32 orc wizards
  10 worker ants
  21 sheep
  A hound zombie (D:11)
  Terence (D:2)
  A mummy (D:11)
  17 river rats
  15 adders
  8 gnolls
  3 shadow imps
  A giant mite (D:6)
  A worm (D:4)
  An ufetubus (D:8)
  A white imp (D:9)
  2 adder zombies
  5 adder skeletons
  An ooze (D:3)
  106 orcs
  2 bat skeletons
  A bat zombie (D:6)
  12 goblins
  15 hobgoblins
  15 jackals
  9 quokkas
  3 ball pythons
  A ball python skeleton (Lair:5)
  8 bats
  3 giant cockroaches
  8 giant geckos
  2 giant newts
  3 giant spores
  10 kobolds
  A quokka skeleton (Lair:5)
  14 rats
  6 ballistomycetes
  3 briar patches (Swamp:4)
  6 fungi
  6 plants
775 creatures vanquished.

Vanquished Creatures (collateral kills)
  A hydra (Lair:4)
  An alligator (Swamp:1)
  A hornet (Swamp:1)
  An elephant (Lair:5)
  A torpor snail (Lair:3)
  2 spiny frogs (Lair:4)
  A komodo dragon (Lair:3)
  4 baby alligators
  2 giant leeches
  A blink frog (Lair:4)
  3 ravens
  A boulder beetle (Lair:5)
  2 yaks (Lair:5)
  4 water moccasins
  3 vampire mosquitoes (Swamp:1)
  3 swamp worms
  A wasp (Swamp:1)
  A hound (Lair:4)
  2 adders (Lair:5)
  4 river rats (Lair:5)
  A ball python (Lair:5)
  A quokka (Lair:5)
  A fungus (Lair:4)
  3 plants (Lair:5)
45 creatures vanquished.

Vanquished Creatures (others)
  2 black mamba skeletons
  6 raven skeletons
  A baby alligator skeleton (Swamp:2)
  2 spiny frog skeletons
  An elephant skeleton (Lair:5)
  A troll skeleton (Swamp:2)
  2 water moccasin skeletons
  7 yak skeletons (Lair:5)
  A wolf skeleton (Lair:4)
  A basilisk skeleton (Lair:5)
  A bog body skeleton (Swamp:2)
  A porcupine skeleton (Lair:4)
  2 crocodile skeletons
  A hound skeleton (Lair:4)
  An iguana skeleton (Lair:5)
  An adder skeleton (Lair:5)
  A sheep skeleton (Lair:3)
  A quokka skeleton (Lair:2)
  4 river rat skeletons
  A briar patch (Swamp:4)
  A fungus (Lair:3)
39 creatures vanquished.

Grand Total: 859 creatures vanquished

Notes
Turn   | Place    | Note
--------------------------------------------------------------
     0 | D:1      | Woebin, the Minotaur Fighter, began the quest for the Orb.
     0 | D:1      | Reached XP level 1. HP: 19/19 MP: 1/1
     0 | D:1      | Noticed an iron dragon
     1 | D:1      | Noticed an iron dragon
     5 | D:1      | Noticed a large abomination
     6 | D:1      | Noticed a tentacled monstrosity
     8 | D:1      | Noticed an orb of fire
    12 | D:1      | Noticed an ice dragon
    13 | D:1      | Noticed an ice dragon
    14 | D:1      | Noticed a golden dragon
    14 | D:1      | Noticed a yellow draconian
    16 | D:1      | Noticed a shadow dragon
    16 | D:1      | Noticed a shadow dragon
    18 | D:1      | Noticed a tentacled monstrosity
    19 | D:1      | Noticed an iron dragon
   473 | D:1      | Reached XP level 2. HP: 24/27 MP: 1/1
   788 | D:2      | Reached skill level 4 in Armour
   898 | D:2      | Found a shadowy altar of Dithmenos.
   900 | D:2      | Noticed Terence
   904 | D:2      | Killed Terence
   904 | D:2      | Reached XP level 3. HP: 26/33 MP: 2/2
  2007 | D:3      | Found a sparkling altar of Nemelex Xobeh.
  2010 | D:3      | Found a basalt altar of Yredelemnul.
  2013 | D:3      | Found a sacrificial altar of Ru.
  2061 | D:3      | Reached XP level 4. HP: 40/40 MP: 2/2
  2205 | D:3      | Noticed valak23's ghost (weakling DrFi)
  2216 | D:3      | Killed valak23's ghost
  2216 | D:3      | Reached skill level 1 in Dodging
  2424 | D:4      | Noticed an ogre
  2426 | D:4      | Reached skill level 5 in Armour
  2426 | D:4      | Reached XP level 5. HP: 46/46 MP: 2/2
  2433 | D:4      | Reached skill level 5 in Shields
  2434 | D:4      | Killed an ogre
  2498 | D:4      | Reached XP level 6. HP: 52/52 MP: 3/3
  2646 | D:4      | Noticed Edmund
  2660 | D:4      | Killed Edmund
  3044 | D:4      | Reached XP level 7. HP: 60/60 MP: 3/3
  3288 | D:5      | Entered Level 5 of the Dungeon
  3320 | D:5      | Noticed Tolias' ghost (experienced HaVM)
  3326 | D:5      | Killed Tolias' ghost
  3326 | D:5      | Reached skill level 5 in Fighting
  3326 | D:5      | Reached skill level 5 in Axes
  3326 | D:5      | Reached skill level 6 in Armour
  3427 | D:5      | Reached XP level 8. HP: 64/69 MP: 3/3
  3492 | D:5      | Found a sparkling altar of Nemelex Xobeh.
  3671 | D:5      | Found a shattered altar of Ashenzari.
  3674 | D:5      | Found a deep blue altar of Sif Muna.
  3725 | D:5      | Found a blossoming altar of Fedhas.
  3726 | D:5      | Found an ancient bone altar of Kikubaaqudgha.
  4121 | D:6      | Found a blossoming altar of Fedhas.
  4207 | D:6      | Noticed Blork the orc
  4215 | D:6      | Killed Blork the orc
  4458 | D:6      | Found a staircase to the Ecumenical Temple.
  4464 | Temple   | Entered the Ecumenical Temple
  4480 | Temple   | Became a worshipper of Warmaster Okawaru
  4574 | D:6      | Reached skill level 7 in Axes
  4710 | D:6      | Found a bloodstained altar of Trog.
  4719 | D:6      | Acquired Okawaru's first power
  4719 | D:6      | Reached skill level 5 in Dodging
  4719 | D:6      | Reached XP level 9. HP: 54/78 MP: 0/4
  4724 | D:6      | Reached skill level 8 in Axes
  4765 | D:6      | Found a glowing golden altar of the Shining One.
  5214 | D:7      | Noticed SKei0's ghost (experienced GrFi)
  5234 | D:7      | HP: 5/118 [SKei0's ghost (15)]
  5237 | D:7      | HP: 2/79 [SKei0's ghost (9)]
  5241 | D:7      | Killed SKei0's ghost
  5454 | D:7      | Reached skill level 1 in Stealth
  5910 | D:7      | Found a glowing silver altar of Zin.
  5979 | D:8      | Reached skill level 1 in Throwing
  5983 | D:8      | Reached skill level 9 in Axes
  6080 | D:8      | Found a staircase to the Lair.
  6080 | D:8      | Noticed an elephant
  6080 | D:8      | Noticed a manticore
  6102 | D:8      | Killed an elephant
  6102 | D:8      | Reached XP level 10. HP: 26/88 MP: 4/4
  6104 | D:8      | Killed a manticore
  6214 | D:8      | Noticed Grum
  6230 | D:8      | Killed Grum
  6268 | D:8      | Found a shimmering altar of Xom.
  6269 | D:8      | Found a shimmering altar of Xom.
  6271 | D:8      | Found a shimmering altar of Xom.
  6366 | D:8      | Noticed Eustachio
  6380 | D:8      | Killed Eustachio
  6434 | D:8      | Noticed Dowan
  6435 | D:8      | Noticed Duvessa
  6448 | D:8      | Killed Dowan
  6448 | D:8      | Reached skill level 10 in Axes
  6452 | D:8      | Killed Duvessa
  6536 | D:8      | Noticed Joseph
  6567 | D:8      | Killed Joseph
  7191 | D:9      | Noticed a hill giant
  7203 | D:9      | Killed a hill giant
  7515 | D:9      | Reached XP level 11. HP: 97/97 MP: 4/4
  7544 | D:10     | Entered Level 10 of the Dungeon
  7556 | D:10     | Acquired Okawaru's second power
  7679 | D:10     | Reached skill level 11 in Axes
  7699 | D:10     | Found Veiwiela's Weapon Shoppe.
  7708 | D:10     | Bought a +0 broad axe for 60 gold pieces
  7716 | D:10     | Found Wedeniump's Antique Armour Emporium.
  7889 | D:10     | Found a staircase to the Orcish Mines.
  7893 | D:10     | Found Noariun's Armour Emporium.
  7893 | D:10     | Noticed Maurice
  7902 | D:10     | Killed Maurice
  7926 | D:10     | Reached skill level 10 in Shields
  7936 | D:10     | Reached skill level 10 in Fighting
  8024 | D:10     | Received a gift from Okawaru
  8229 | Lair:1   | Entered Level 1 of the Lair of Beasts
  8611 | Orc:1    | Entered Level 1 of the Orcish Mines
  8798 | Orc:2    | Found a roughly hewn altar of Beogh.
  9027 | Orc:2    | Noticed an orc warlord
  9046 | Orc:2    | Killed an orc warlord
  9046 | Orc:2    | Reached skill level 12 in Axes
 10015 | Orc:3    | Noticed Sonja
 10208 | Orc:3    | Found a staircase to the Elven Halls.
 10696 | D:11     | Reached XP level 12. HP: 110/110 MP: 6/6
 10821 | D:11     | Noticed Nergalle
 10835 | D:11     | Killed Nergalle
 10997 | D:11     | Noticed a necromancer
 10998 | D:11     | Noticed Josephine
 11005 | D:11     | Killed a necromancer
 11007 | D:11     | Killed Josephine
 11007 | D:11     | Reached skill level 13 in Axes
 11026 | D:11     | Received a gift from Okawaru
 11026 | D:11     | Reached skill level 1 in Invocations
 11621 | D:12     | Found a portal to a secret trove of treasure.
 11639 | D:12     | Found a white marble altar of Elyvilon.
 12578 | Lair:1   | Received a gift from Okawaru
 12707 | Lair:1   | Reached skill level 14 in Axes
 12751 | Lair:1   | Learned a level 1 spell: Animate Skeleton
 12824 | Lair:1   | Reached skill level 10 in Dodging
 13074 | Lair:1   | Reached XP level 13. HP: 116/119 MP: 7/7
 13086 | Lair:1   | Noticed a seven-headed hydra
 13093 | Lair:1   | Killed a nine-headed hydra
 13121 | Lair:1   | Reached skill level 1 in Spellcasting
 13617 | Lair:2   | Reached skill level 1 in Necromancy
 14138 | Lair:2   | Received a gift from Okawaru
 14138 | Lair:2   | Reached skill level 10 in Armour
 14141 | Lair:2   | Got a brightly glowing broad axe {god gift}
 14142 | Lair:2   | Identified the +11 broad axe "Freq" {elec, MR+ MP-9 Int+3 Dex+7 Stlth-} (Okawaru gifted it to you on level 2 of the Lair of Beasts)
 14543 | Lair:3   | Found a white marble altar of Elyvilon.
 15578 | Lair:4   | Found a staircase to the Snake Pit.
 15696 | Lair:4   | Noticed Erica
 15704 | Lair:4   | Killed Erica
 15973 | Lair:4   | Received a gift from Okawaru
 15974 | Lair:4   | Got a crude hat {god gift}
 15980 | Lair:4   | Identified the +1 hat of Ticseelig {rElec rPois rF-} (Okawaru gifted it to you on level 4 of the Lair of Beasts)
 16673 | Lair:5   | Found a staircase to the Swamp.
 16886 | Lair:5   | Found a staircase to the Snake Pit.
 16963 | Lair:5   | Reached XP level 14. HP: 113/127 MP: 9/18
 16976 | Lair:5   | Reached skill level 15 in Axes
 17159 | Lair:5   | Identified a scroll of acquirement
 17160 | Lair:5   | Got a pair of steaming gloves
 17171 | Lair:5   | Identified the +2 pair of gloves of the Harvest {rElec rN+ Str+2 SInv} (You acquired it on level 5 of the Lair of Beasts)
 17271 | Lair:5   | Noticed Harold
 17272 | Lair:5   | Received a gift from Okawaru
 17280 | Lair:5   | Killed Harold
 17373 | Lair:5   | Got a transparent falchion
 17374 | Lair:5   | Identified the +1 falchion "Qozutent" {speed, MR+ Str+4} (You found it on level 5 of the Lair of Beasts)
 17843 | Swamp:1  | Entered Level 1 of the Swamp
 18899 | Swamp:2  | Received a gift from Okawaru
 18907 | Swamp:2  | Got a brightly glowing plate armour {god gift}
 18918 | Swamp:2  | Identified the -11 plate armour of the Thirteen Ships {rElec rN+ MP+9 Str+5 Dex-2} (Okawaru gifted it to you on level 2 of the Swamp)
 19016 | Swamp:2  | Noticed Snorg
 19026 | Swamp:2  | Killed Snorg
 19034 | Swamp:2  | Noticed Roxanne
 19214 | Swamp:2  | Found a white marble altar of Elyvilon.
 19360 | Swamp:2  | Your ally Snorg died
 20162 | Swamp:4  | Reached skill level 16 in Axes
 20196 | Swamp:4  | Noticed a thorn hunter
 20205 | Swamp:4  | Killed from afar by a thorn hunter

Action                   |  1- 3 |  4- 6 |  7- 9 | 10-12 | 13-15 || total
-------------------------+-------+-------+-------+-------+-------++-------
Melee: War axe           |    88 |    62 |   282 |   250 |       ||   682
       Broad axe         |       |       |       |   541 |   539 ||  1080
Throw: Stone             |     8 |       |       |       |       ||     8
       Tomahawk          |       |       |    13 |    32 |    35 ||    80
 Cast: Animate Skeleton  |       |       |       |       |    87 ||    87
Invok: Heroism           |       |       |       |     2 |       ||     2
Evoke: Wand              |       |       |     1 |     2 |       ||     3
  Use: Potion            |       |     1 |     8 |     5 |     1 ||    15
       Scroll            |       |       |       |    16 |    16 ||    32
 Stab: Fleeing           |       |       |     1 |       |       ||     1
       Distracted        |       |       |       |     1 |    17 ||    18
  Eat: Chunk             |     3 |     4 |    13 |    28 |    31 ||    79
       Royal jelly       |       |       |       |     1 |       ||     1
